 Dungeon Crawl Stone Soup version 0.29.0-15-g675c0067aa (webtiles) character file.

Game seed: 13695878221812232013

93145 qw the Warrior (level 15, -3/241 HPs)
             Began as a Minotaur Berserker on Sept 12, 2022.
             Was a Priest of Trog.
             Slain by a culicivora simulacrum (15 damage)
             ... on level 1 of the Spider Nest.
             The game lasted 00:09:51 (28496 turns).

qw the Warrior (Minotaur Berserker)                Turns: 28496, Time: 00:09:52

Health: -3/241     AC: 10    Str: 23 (29) XL:     15   Next: 59%
Magic:  3/14       EV: 11    Int:  1 (4)  God:    Trog [***...]
Gold:   1994       SH: 11    Dex:  4 (10) Spells: 14/14 levels left

rFire   + + .      SeeInvis .   y - +6 war axe (vamp)
rCold   . . .      Faith    .   d - +0 kite shield
rNeg    . . .      Spirit   .   x - +4 plate armour {Will+}
rPois   +          Reflect  .   (helmet restricted)
rElec   .          Harm     .   l - +0 cloak "Voext" {rF++}
rCorr   .          Rampage  .   k - +2 pair of gloves {hurl}
Will    ++...                   w - +2 pair of boots
Stlth   ..........              q - amulet of the acrobat
HPRegen 0.50/turn               s - ring of poison resistance
MPRegen 0.14/turn               r - +4 ring of evasion

@: berserking (expiring), spiked, corroded, very quick
A: horns 2, retaliatory headbutt, hooves 1, robust 1, MP-powered wands
a: Renounce Religion, Berserk, Trog's Hand


You were on level 1 of the Spider Nest.
You worshipped Trog.
Trog was most pleased with you.
You visited 4 branches of the dungeon, and saw 23 of its levels.
You also visited: Ossuary and Gauntlet.

You collected 2832 gold pieces.
You spent 838 gold pieces at shops.


Innate Abilities, Weirdness & Mutations

You have a pair of horns on your head.
You reflexively headbutt those who attack you in melee.
You have large cloven feet.
You are robust. (+10% HP)
You expend magic power (3 MP) to strengthen your wands.


   Skills:
 - Level 17.0 Fighting
 - Level 16.0 Axes
 - Level 8.0 Throwing
 + Level 15.9 Armour
 - Level 7.0 Dodging
 - Level 15.4 Shields


You had 14 spell levels left.
You didn't know any spells.
Your spell library was empty.

Inventory:

Hand Weapons
 y - a +6 vampiric war axe (weapon)
 C - a +0 war axe of flaming
Missiles
 f - 22 boomerangs
 v - 6 javelins (quivered)
Armour
 d - a +0 kite shield (worn)
 k - a +2 pair of gloves of hurling (worn)
 l - the +0 cloak "Voext" (worn) {rF++}
   (You found it on level 2 of the Dungeon)

   rF:        It greatly protects you from fire.
 w - a +2 pair of boots (worn)
 x - a +4 plate armour of willpower (worn)
 B - +0 fire dragon scales
Jewellery
 b - a ring of willpower
 g - a ring of positive energy
 n - a ring of protection from fire
 p - a ring of poison resistance
 q - an amulet of the acrobat (around neck)
 r - a +4 ring of evasion (right hand)
 s - a ring of poison resistance (left hand)
 z - a ring of ice
 A - a ring of protection from fire
Scrolls
 a - 5 scrolls of identify
 e - 7 scrolls of teleportation
Potions
 h - 2 potions of haste
 i - 3 potions of mutation
 j - 4 potions of might
 m - 9 potions of curing
 t - a potion of resistance
 u - a potion of cancellation

Dungeon Overview and Level Annotations

Branches:
Dungeon (15/15)            Temple (0/1) D:5            Lair (5/5) D:11
 Shoals (0/4) Lair:3       Spider (1/4) Lair:3        Slime (0/5) Lair:4
    Orc (2/2) D:10            Elf (0/3) Orc:2        Vaults (0/5) D:14
 Depths (0/4) D:15        Ossuary (visited)         Gauntlet (visited)

Altars:
Ashenzari
Cheibriados
Fedhas
Gozag
Hepliaklqana
Kikubaaqudgha
Makhleb
Nemelex Xobeh
Okawaru
Ru
Sif Muna
Uskayaw
Vehumet
The Shining One
Jiyva

Shops:
D:2 !   D:6 *   D:12 !   D:15 [   Orc:2 ?*:*:

Annotations:
D:5 3 runed translucent doors, qw's ghost, novice MiBe
D:8 3 runed translucent doors, qw's ghost, novice GrFi; qw's ghost, weakling GrDe
D:9 1 runed translucent door, qw's ghost, novice MiBe
D:10 3 runed translucent doors, qw's ghost, journeyman MiBe
D:14 2 transporters, qw's ghost, journeyman MiBe
Lair:4 4 runed translucent doors, qw's ghost, journeyman GrBe


Message History

You barely miss the electric eel. Your headbutt misses the electric eel.
The electric eel shoots out a bolt of lightning at you!
The bolt of electricity hits you!
You hit the electric eel but do no damage.
Your surroundings suddenly seem different.
A steelbarb worm comes into view.
Found a long sword.
Enter note: You feel a strong urge to attack something.
You block the steelbarb worm's attack.
You hit the steelbarb worm.
You feel better.
You headbutt the steelbarb worm!
The steelbarb worm is moderately wounded.
You slash the steelbarb worm!
You feel better.
You headbutt the steelbarb worm, but do no damage.
The steelbarb worm is heavily wounded.
The steelbarb worm hits you!
Barbed spikes become lodged in your body.
You hit the steelbarb worm but do no damage.
You headbutt the steelbarb worm, but do no damage.
The steelbarb worm is moderately wounded.
The steelbarb worm hits you.
Barbed spikes become lodged in your body.
You hit the steelbarb worm but do no damage.
You headbutt the steelbarb worm, but do no damage.
The steelbarb worm is moderately wounded.
You completely miss the steelbarb worm. You headbutt the steelbarb worm!
The steelbarb worm is heavily wounded.
You closely miss the culicivora simulacrum.
The steelbarb worm hits you but does no damage.
The culicivora simulacrum bites you! The culicivora simulacrum freezes you!
You hit the steelbarb worm.
The steelbarb worm is heavily wounded.
You hit the culicivora simulacrum. The steelbarb worm hits you!
Barbed spikes become lodged in your body.
You barely miss the steelbarb worm.
The steelbarb worm is heavily wounded.
You barely miss the culicivora simulacrum.
The culicivora simulacrum bites you! The culicivora simulacrum freezes you!
You die...

......# . ......# .
.....## . ~..... .......
^ #....## ....... #
#.....# ###.......
......# ##........#
......# ##...Z....##
^....## #...@.....#
.sB...### #...w.....#
.)......# #.s...#^.^.#
........# .........#...
....#...#...)..........#
#.... ..........#.....##
...... .....B... .#...#
....... .......# ###..#
........ .


You could see a radroach, a steelbarb worm, a wolf spider and a culicivora
simulacrum.

Vanquished Creatures
  An orc warlord (Orc:2)
  A reaper (Gauntlet)
  A broodmother (Spider:1)
  A minotaur (Gauntlet)
  A dire elephant (D:15)
  A fire dragon (Lair:5)
  Josephine (D:13)
  A rakshasa (D:14)
  2 hydras
  4 boulder beetles
  2 ogre magi (Orc:2)
  4 centaur warriors
  Erica (D:11)
  A catoblepas (Lair:4)
  A jorogumo (Spider:1)
  17 two-headed ogres
  A death knight (D:15)
  2 tengu warriors (D:15)
  A pharaoh ant (Spider:1)
  6 skeletal warriors
  A swamp dragon (Lair:5)
  A necromancer (D:14)
  2 wizards
  Pikel (D:7)
  3 wolf spiders (Spider:1)
  2 manticores (D:15)
  A deep elf pyromancer (D:13)
  14 ugly things
  A merfolk siren (Lair:3)
  4 cyclopes
  10 elephants
  2 moths of wrath (Spider:1)
  A water nymph (shapeshifter) (D:14)
  2 gargoyles
  2 torpor snails
  12 cane toads
  An unseen horror (D:11)
  A minotaur zombie (Gauntlet)
  3 efreet
  4 rime drakes
  2 freezing wraiths (D:15)
  8 komodo dragons
  2 hellwings (Gauntlet)
  A tengu conjurer (D:15)
  9 trolls
  3 meliai (D:13)
  6 tarantellas (Spider:1)
  2 hornets (Gauntlet)
  Prince Ribbit (D:7)
  9 dream sheep
  4 blink frogs (Lair:3)
  12 slime creatures
  Grinder (D:3)
  A jumping spider (shapeshifter) (D:15)
  3 jumping spiders
  6 culicivoras
  8 wraiths
  A vampire (D:11)
  6 wyverns
  17 yaks
  9 steam dragons
  Eustachio (D:6)
  8 vampire mosquitoes
  4 basilisks
  Edmund (D:6)
  6 redbacks
  2 wargs (Orc:2)
  2 acid dragons (D:12)
  8 water moccasins
  2 black bears
  3 ice beasts
  13 orc warriors
  17 ogres
  13 wolves
  3 centaurs
  2 lemures (D:7)
  A phantom (D:3)
  An elf zombie (Ossuary)
  3 kobold brigands
  7 bullfrogs
  2 gnoll sergeants
  9 scorpions
  12 wights
  An electric eel (Lair:1)
  4 howler monkeys
  5 centaur zombies (Ossuary)
  A hound (D:6)
  2 gnoll boudas (D:9)
  16 orc priests
  3 jellies
  8 iguanas
  13 orc wizards
  A hound zombie (D:3)
  2 hound skeletons (D:3)
  8 mummies
  Robin (D:3)
  13 gnolls
  10 adders
  3 shadow imps
  2 white imps
  2 ufetubi
  An adder zombie (Ossuary)
  A dart slug (D:4)
  76 orcs
  10 endoplasms
  3 giant cockroaches (D:1)
  6 hobgoblins
  5 jackals
  2 quokkas
  10 ball pythons
  A ball python zombie (D:3)
  4 bats
  4 frilled lizards
  2 giant cockroach zombies (D:3)
  17 goblins
  6 goblin zombies (Ossuary)
  6 hobgoblin zombies (Ossuary)
  A jackal skeleton (D:3)
  A jackal zombie (D:3)
  14 kobolds
  6 kobold zombies (Ossuary)
  2 quokka zombies (Ossuary)
  4 rats
  7 rat zombies
633 creatures vanquished.

Vanquished Creatures (collateral kills)
  A hydra (Lair:2)
  3 two-headed ogres (Orc:2)
  2 ogre magi (Orc:2)
  An orb spider (Spider:1)
  2 orc knights (Orc:2)
  2 orc sorcerers (Orc:2)
  A tarantella (Spider:1)
  3 orc warriors (Orc:2)
  12 ogres (Orc:2)
  A bullfrog (Lair:2)
  An electric eel (Spider:1)
  3 orc priests (Orc:2)
  An orc wizard (Orc:2)
  2 orcs (Orc:2)
35 creatures vanquished.

Vanquished Creatures (others)
  A jumping spider (Spider:1)
  A redback (Spider:1)
  23 fungi
  57 plants
  4 toadstools (D:2)
  21 withered plants
107 creatures vanquished.

Grand Total: 775 creatures vanquished

Notes
Turn   | Place    | Note
-------+----------+-------------------------------------------
     0 | D:1      | qw the Minotaur Berserker began the quest for the Orb.
     0 | D:1      | Reached XP level 1. HP: 19/19 MP: 0/0
     0 | D:1      | 0 ||| qw: Version: 0.1-a-119-g272c26d
     0 | D:1      | 0 ||| qw: Game counter: 10815
     0 | D:1      | 0 ||| qw: Always use a shield: true
     0 | D:1      | 0 ||| qw: Do Orc after D:15 true
     0 | D:1      | 0 ||| qw: Do second Lair branch before Depths: true
     0 | D:1      | 0 ||| qw: Lair rune preference: random
     0 | D:1      | 0 ||| qw: Plans: Normal
     0 | D:1      | 0 ||| PLANNING D:1-11
    85 | D:1      | 85 ||| Stepping ~*~*~tactically~*~*~ (stealth).
    93 | D:1      | 93 ||| Stepping ~*~*~tactically~*~*~ (stealth).
   275 | D:1      | Reached XP level 2. HP: 24/26 MP: 1/1
   304 | D:1      | Found a faded altar of an unknown god.
   318 | D:1      | 318 ||| Stepping ~*~*~tactically~*~*~ (stealth).
   321 | D:1      | 321 ||| Stepping ~*~*~tactically~*~*~ (stealth).
   322 | D:1      | 322 ||| Stepping ~*~*~tactically~*~*~ (stealth).
   915 | D:1      | 915 ||| READING scroll labelled OFIFIO POIJU.
   918 | D:1      | 918 ||| READING scroll labelled KOUTATW YJIEKH.
   919 | D:1      | 919 ||| READING scroll labelled ERINWY ZOIFY.
   956 | D:2      | Reached XP level 3. HP: 31/31 MP: 2/2
   987 | D:2      | Found Ewnasish's Distillery.
   999 | D:2      | 999 ||| SHOPLISTING potion of cancellation (112 gold, have
                  | 35).
   999 | D:2      | 999 ||| SHOPLISTING potion of curing (42 gold, have 35).
   999 | D:2      | 999 ||| SHOPLISTING potion of heal wounds (70 gold, have
                  | 35).
   999 | D:2      | 999 ||| SHOPLISTING potion of might (56 gold, have 35).
  1105 | D:2      | Reached skill level 1 in Throwing
  1364 | D:2      | Reached ** piety under Trog
  1765 | D:2      | Identified the +0 cloak "Voext" {rF++}
  1914 | D:2      | 1914 ||| UPGRADING to +0 leather armour.
  1924 | D:2      | 1924 ||| DROPPING +0 animal skin.
  1925 | D:2      | 1925 ||| UPGRADING to +0 chain mail of positive energy.
  1935 | D:2      | 1935 ||| DROPPING +0 leather armour.
  1936 | D:2      | 1936 ||| UPGRADING to +0 cloak "Voext" {rF++}.
  1964 | D:3      | 1964 ||| STAIRDANCE
  2004 | D:3      | 2004 ||| STAIRDANCE
  2007 | D:2      | Reached XP level 4. HP: 39/39 MP: 3/3
  2027 | D:3      | Reached skill level 6 in Axes
  2034 | D:3      | 2034 ||| Stepping ~*~*~tactically~*~*~ (stealth).
  2054 | D:3      | 2054 ||| INVOKING Berserk.
  2063 | D:3      | Reached XP level 5. HP: 45/45 MP: 4/4
  2127 | D:3      | 2127 ||| SWAPPING to +0 war axe.
  2128 | D:3      | 2128 ||| DROPPING +0 hand axe.
  2150 | D:3      | Reached skill level 4 in Fighting
  2219 | D:3      | 2219 ||| Stepping ~*~*~tactically~*~*~ (stealth).
  2220 | D:3      | 2220 ||| Stepping ~*~*~tactically~*~*~ (stealth).
  2302 | D:3      | Noticed Grinder
  2303 | D:3      | 2303 ||| INVOKING Trog's Hand.
  2310 | D:3      | 2310 ||| INVOKING Berserk.
  2319 | D:3      | 2319 ||| INVOKING Trog's Hand.
  2324 | D:3      | Killed Grinder
  2325 | D:3      | Reached XP level 6. HP: 50/52 MP: 5/5
  2528 | D:3      | Found a glowing golden altar of the Shining One.
  2600 | D:3      | 2600 ||| INVOKING Berserk.
  2722 | D:3      | Identified the +8 hand axe of Rubbish {flame, rElec rC-
                  | Int+5}
  2724 | D:3      | 2724 ||| DROPPING +0 club.
  2924 | D:3      | 2924 ||| UPGRADING to +4 ring of evasion.
  2939 | D:4      | Noticed Robin
  2940 | D:4      | 2940 ||| STAIRDANCE
  2945 | D:4      | 2945 ||| STAIRDANCE
  2952 | D:3      | Reached skill level 9 in Axes
  3020 | D:4      | 3020 ||| STAIRDANCE
  3022 | D:3      | 3022 ||| INVOKING Berserk.
  3024 | D:3      | Reached XP level 7. HP: 59/59 MP: 6/6
  3025 | D:3      | Killed Robin
  3157 | D:4      | 3157 ||| STAIRDANCE
  3182 | D:4      | 3182 ||| INVOKING Berserk.
  3185 | D:4      | Reached skill level 3 in Armour
  3190 | D:4      | 3190 ||| FLEEEEING.
  3191 | D:4      | 3191 ||| STAIRDANCE
  3415 | D:4      | 3415 ||| Stepping ~*~*~tactically~*~*~ (stealth).
  3431 | D:4      | 3431 ||| INVOKING Berserk.
  3436 | D:4      | Reached skill level 5 in Fighting
  3709 | D:4      | 3709 ||| INVOKING Berserk.
  4272 | D:4      | 4272 ||| Stepping ~*~*~tactically~*~*~ (hiding).
  4584 | D:4      | 4584 ||| UPGRADING to amulet of the acrobat.
  4589 | D:4      | 4589 ||| UPGRADING to ring of willpower.
  4590 | D:4      | 4590 ||| READING scroll labelled TAABIA JYXUECK.
  4591 | D:4      | 4591 ||| DRINKING 2 cyan potions.
  4592 | D:4      | 4592 ||| READING 2 scrolls of identify.
  4592 | D:4      | 4592 ||| IDENTIFYING emerald potion
  4593 | D:4      | 4593 ||| READING 3 scrolls of teleportation.
  4643 | D:5      | Entered Level 5 of the Dungeon
  4644 | D:5      | 4644 ||| PLANNING OSSUARY
  4668 | D:5      | 4668 ||| INVOKING Berserk.
  4670 | D:5      | Reached XP level 8. HP: 70/70 MP: 7/7
  4780 | D:5      | 4780 ||| Stepping ~*~*~tactically~*~*~ (stealth).
  4782 | D:5      | 4782 ||| Stepping ~*~*~tactically~*~*~ (hiding).
  4787 | D:5      | 4787 ||| INVOKING Berserk.
  4806 | D:5      | Reached skill level 6 in Fighting
  4819 | D:5      | Reached *** piety under Trog
  4946 | D:5      | Found a staircase to the Ecumenical Temple.
  4948 | D:5      | 4948 ||| Stepping ~*~*~tactically~*~*~ (stealth).
  4950 | D:5      | 4950 ||| Stepping ~*~*~tactically~*~*~ (hiding).
  4958 | D:5      | 4958 ||| Stepping ~*~*~tactically~*~*~ (hiding).
  4961 | D:5      | 4961 ||| INVOKING Berserk.
  5067 | D:5      | 5067 ||| Stepping ~*~*~tactically~*~*~ (stealth).
  5071 | D:5      | 5071 ||| Stepping ~*~*~tactically~*~*~ (stealth).
  5073 | D:5      | 5073 ||| Stepping ~*~*~tactically~*~*~ (hiding).
  5074 | D:5      | 5074 ||| Stepping ~*~*~tactically~*~*~ (hiding).
  5212 | D:5      | Found a runed translucent gate.
  5212 | D:5      | Found a runed translucent gate.
  5214 | D:5      | Found a runed translucent gate.
  5214 | D:5      | Noticed qw's ghost (novice MiBe)
  5226 | D:5      | Found a sand-covered staircase.
  5227 | D:5      | 5227 ||| READING 2 scrolls of identify.
  5227 | D:5      | 5227 ||| IDENTIFYING glowing black potion
  5228 | D:5      | 5228 ||| DROPPING potion of lignification.
  5232 | Ossuary  | Entered an ossuary
  5678 | Ossuary  | 5678 ||| READING 2 scrolls labelled XABLUC TUIMUAN.
  5679 | Ossuary  | 5679 ||| READING scroll labelled PEARYO XA ODAE.
  5680 | Ossuary  | 5680 ||| READING scroll labelled XUNKYAM HYUDDI.
  5781 | Ossuary  | 5781 ||| DRINKING 2 dark potions.
  5782 | Ossuary  | 5782 ||| DRINKING 2 fizzy dark potions.
  5783 | Ossuary  | 5783 ||| READING 3 scrolls of identify.
  5783 | Ossuary  | 5783 ||| IDENTIFYING brown potion
  5784 | Ossuary  | 5784 ||| READING 2 scrolls of identify.
  5784 | Ossuary  | 5784 ||| IDENTIFYING fizzy orange potion
  5785 | Ossuary  | 5785 ||| DROPPING scroll of magic mapping.
  5786 | Ossuary  | 5786 ||| DROPPING potion of degeneration.
  5787 | Ossuary  | 5787 ||| DROPPING potion of brilliance.
  5788 | Ossuary  | 5788 ||| DROPPING potion of flight.
  5805 | D:5      | 5805 ||| PLANNING D:1-11
  5836 | D:5      | 5836 ||| Stepping ~*~*~tactically~*~*~ (hiding).
  5840 | D:5      | 5840 ||| INVOKING Berserk.
  6244 | D:5      | Found a radiant altar of Vehumet.
  6412 | D:5      | Found a hide-covered altar of Uskayaw.
  6451 | D:5      | Reached skill level 12 in Axes
  6692 | D:5      | 6692 ||| Stepping ~*~*~tactically~*~*~ (stealth).
  6693 | D:5      | 6693 ||| Stepping ~*~*~tactically~*~*~ (stealth).
  6695 | D:5      | 6695 ||| Stepping ~*~*~tactically~*~*~ (hiding).
  6699 | D:5      | 6699 ||| INVOKING Berserk.
  6780 | D:5      | 6780 ||| READING scroll labelled MALUOQ LEUSHOW.
  6781 | D:5      | 6781 ||| READING scroll labelled ZIAHUS RUHU.
  6782 | D:5      | 6782 ||| DRINKING 2 purple potions.
  6782 | D:5      | Gained mutation: You expend magic power (3 MP) to
                  | strengthen your wands. [potion of mutation]
  6782 | D:5      | Gained mutation: You have large cloven feet. [potion of
                  | mutation]
  6782 | D:5      | Gained mutation: You are robust. (+10% HP) [potion of
                  | mutation]
  6868 | D:6      | 6868 ||| Stepping ~*~*~tactically~*~*~ (stealth).
  6870 | D:6      | 6870 ||| Stepping ~*~*~tactically~*~*~ (hiding).
  6876 | D:6      | Reached **** piety under Trog
  6923 | D:6      | Reached skill level 7 in Fighting
  6923 | D:6      | Reached XP level 9. HP: 86/86 MP: 8/8
  7228 | D:6      | Noticed Eustachio
  7234 | D:6      | 7234 ||| INVOKING Berserk.
  7240 | D:6      | Killed Eustachio
  7408 | D:6      | 7408 ||| Stepping ~*~*~tactically~*~*~ (stealth).
  7500 | D:6      | 7500 ||| Stepping ~*~*~tactically~*~*~ (hiding).
  7782 | D:6      | 7782 ||| Stepping ~*~*~tactically~*~*~ (hiding).
  7788 | D:6      | 7788 ||| INVOKING Berserk.
  7926 | D:6      | 7926 ||| FLEEEEING.
  7932 | D:6      | 7932 ||| Stepping ~*~*~tactically~*~*~ (hiding).
  7935 | D:6      | 7935 ||| INVOKING Berserk.
  7954 | D:6      | 7954 ||| Stepping ~*~*~tactically~*~*~ (stealth).
  8185 | D:6      | Found an opulent altar of Gozag.
  8190 | D:6      | Found Gozag's Platinum Reserve.
  8194 | D:6      | Noticed Edmund
  8198 | D:6      | 8198 ||| SHOPLISTING ring "Dutokhun" {rF+ rC+ EV+4 Dex+2}
                  | (6120 gold, have 460).
  8285 | D:6      | 8285 ||| INVOKING Berserk.
  8288 | D:6      | Killed Edmund
  8394 | D:6      | 8394 ||| UPGRADING to +0 pair of gloves.
  8399 | D:6      | 8399 ||| READING scroll labelled VAG MEFONK.
  8400 | D:6      | 8400 ||| DRINKING 2 fuming golden potions.
  8401 | D:6      | 8401 ||| DROPPING potion of attraction.
  8455 | D:7      | 8455 ||| INVOKING Berserk.
  8455 | D:7      | Noticed Pikel
  8460 | D:7      | Reached skill level 3 in Throwing
  8467 | D:7      | Killed Pikel
  8468 | D:7      | Reached skill level 8 in Fighting
  8468 | D:7      | Found a sacrificial altar of Ru.
  8487 | D:7      | 8487 ||| FLEEEEING.
  8488 | D:7      | 8488 ||| STAIRDANCE
  8650 | D:7      | Found a broken altar of Ashenzari.
  8715 | D:7      | 8715 ||| INVOKING Berserk.
  9046 | D:7      | Identified the +8 dire flail of the Wasp {vorpal, Str+4}
  9157 | D:7      | 9157 ||| Stepping ~*~*~tactically~*~*~ (stealth).
  9158 | D:7      | 9158 ||| Stepping ~*~*~tactically~*~*~ (stealth).
  9269 | D:7      | Noticed Prince Ribbit
  9272 | D:7      | 9272 ||| INVOKING Berserk.
  9277 | D:7      | Killed Prince Ribbit
  9278 | D:7      | Reached XP level 10. HP: 99/99 MP: 9/9
  9488 | D:7      | Reached skill level 6 in Armour
  9543 | D:7      | 9543 ||| Stepping ~*~*~tactically~*~*~ (hiding).
  9544 | D:7      | 9544 ||| Stepping ~*~*~tactically~*~*~ (hiding).
  9544 | D:7      | Found a shimmering blue altar of Sif Muna.
  9600 | D:7      | 9600 ||| Stepping ~*~*~tactically~*~*~ (stealth).
  9903 | D:7      | 9903 ||| UPGRADING to ring of poison resistance.
  9905 | D:7      | 9905 ||| UPGRADING to +4 ring of evasion.
  9907 | D:7      | 9907 ||| READING scroll labelled KITHUPN AMIOD.
  9907 | D:7      | Identified a scroll of acquirement
  9907 | D:7      | 9907 ||| ACQUIRING +2 pair of gloves of hurling
  9907 | D:7      | Acquired a +2 pair of gloves of hurling
  9909 | D:7      | 9909 ||| UPGRADING to +2 pair of gloves of hurling.
  9919 | D:7      | 9919 ||| DROPPING +0 pair of gloves.
  9920 | D:7      | 9920 ||| READING scroll labelled JYDEFI WOTE.
  9921 | D:7      | 9921 ||| READING 3 scrolls labelled KODOSM JICAXT.
  9922 | D:7      | 9922 ||| READING 2 scrolls of brand weapon.
  9922 | D:7      | 9922 ||| BRANDING +1 war axe of protection.
  9923 | D:7      | 9923 ||| READING scroll of brand weapon.
  9923 | D:7      | 9923 ||| BRANDING +1 war axe of freezing.
  9962 | D:8      | Found a sparkling altar of Nemelex Xobeh.
  9967 | D:8      | 9967 ||| INVOKING Berserk.
 10143 | D:8      | 10143 ||| Stepping ~*~*~tactically~*~*~ (hiding).
 10204 | D:8      | 10204 ||| INVOKING Berserk.
 10323 | D:8      | Found a hazy altar of Hepliaklqana.
 10342 | D:8      | Found a runed translucent gate.
 10342 | D:8      | Found a runed translucent gate.
 10342 | D:8      | Found a runed translucent gate.
 10350 | D:8      | Noticed qw's ghost (novice GrFi)
 10350 | D:8      | Noticed qw's ghost (novice GrFi)
 10351 | D:8      | Noticed qw's ghost (weakling GrDe)
 10951 | D:8      | 10951 ||| UPGRADING to +0 kite shield.
 10979 | D:9      | 10979 ||| Stepping ~*~*~tactically~*~*~ (stealth).
 10981 | D:9      | 10981 ||| Stepping ~*~*~tactically~*~*~ (stealth).
 10982 | D:9      | 10982 ||| Stepping ~*~*~tactically~*~*~ (stealth).
 10984 | D:9      | Reached skill level 1 in Shields
 10985 | D:9      | 10985 ||| Stepping ~*~*~tactically~*~*~ (hiding).
 11110 | D:9      | Noticed a two-headed ogre
 11114 | D:9      | 11114 ||| INVOKING Berserk.
 11115 | D:9      | Killed a two-headed ogre
 11225 | D:9      | 11225 ||| READING scroll of brand weapon.
 11225 | D:9      | 11225 ||| BRANDING +1 vorpal war axe.
 11285 | D:9      | 11285 ||| Stepping ~*~*~tactically~*~*~ (hiding).
 11289 | D:9      | 11289 ||| INVOKING Berserk.
 11427 | D:9      | 11427 ||| INVOKING Berserk.
 11574 | D:9      | 11574 ||| INVOKING Berserk.
 11578 | D:9      | Reached skill level 6 in Shields
 11717 | D:9      | Identified the +0 ring mail of the Unbroken {rF+ rC+}
 11760 | D:9      | Found a runed translucent door.
 11764 | D:9      | Noticed qw's ghost (novice MiBe)
 11842 | D:9      | 11842 ||| Stepping ~*~*~tactically~*~*~ (stealth).
 11901 | D:9      | Found a snail-covered altar of Cheibriados.
 11917 | D:9      | Found a burning altar of Makhleb.
 11917 | D:9      | Noticed a balrug
 11944 | D:9      | Found an ancient bone altar of Kikubaaqudgha.
 12134 | D:9      | Found a blossoming altar of Fedhas.
 12206 | D:10     | Entered Level 10 of the Dungeon
 12213 | D:10     | Found a runed translucent gate.
 12214 | D:10     | Found a runed translucent gate.
 12214 | D:10     | Found a runed translucent gate.
 12214 | D:10     | Noticed qw's ghost (journeyman MiBe)
 12246 | D:10     | 12246 ||| Stepping ~*~*~tactically~*~*~ (stealth).
 12268 | D:10     | 12268 ||| Stepping ~*~*~tactically~*~*~ (stealth).
 12271 | D:10     | 12271 ||| Stepping ~*~*~tactically~*~*~ (hiding).
 12276 | D:10     | Reached skill level 9 in Shields
 12303 | D:10     | Found a staircase to the Orcish Mines.
 12361 | D:10     | Reached XP level 11. HP: 104/104 MP: 10/10
 12362 | D:10     | 12362 ||| Stepping ~*~*~tactically~*~*~ (stealth).
 12378 | D:10     | 12378 ||| INVOKING Berserk.
 12497 | D:10     | Noticed a two-headed ogre
 12498 | D:10     | 12498 ||| Stepping ~*~*~tactically~*~*~ (stealth).
 12539 | D:10     | Reached skill level 15 in Axes
 12540 | D:10     | 12540 ||| INVOKING Berserk.
 12543 | D:10     | Reached skill level 9 in Fighting
 12545 | D:10     | Killed a two-headed ogre
 12546 | D:10     | Reached skill level 3 in Dodging
 12695 | D:10     | Found an iron altar of Okawaru.
 13101 | D:11     | Noticed a two-headed ogre
 13105 | D:11     | 13105 ||| INVOKING Berserk.
 13107 | D:11     | Killed a two-headed ogre
 13421 | D:11     | Noticed a white ugly thing
 13425 | D:11     | 13425 ||| INVOKING Berserk.
 13430 | D:11     | Killed a white ugly thing
 13642 | D:11     | Found a staircase to the Lair.
 13643 | D:11     | 13643 ||| INVOKING Berserk.
 13778 | D:11     | 13778 ||| Stepping ~*~*~tactically~*~*~ (hiding).
 13882 | D:11     | Noticed a two-headed ogre
 13885 | D:11     | 13885 ||| INVOKING Berserk.
 13888 | D:11     | Killed a two-headed ogre
 13998 | D:11     | Noticed a skeletal warrior
 13999 | D:11     | Noticed a skeletal warrior
 13999 | D:11     | Noticed a skeletal warrior
 14000 | D:11     | 14000 ||| Stepping ~*~*~tactically~*~*~ (stealth).
 14006 | D:11     | 14006 ||| INVOKING Berserk.
 14011 | D:11     | Killed a skeletal warrior
 14019 | D:11     | Killed a skeletal warrior
 14194 | D:11     | Noticed Erica
 14197 | D:11     | 14197 ||| INVOKING Berserk.
 14206 | D:11     | Killed Erica
 14394 | D:11     | 14394 ||| Stepping ~*~*~tactically~*~*~ (hiding).
 14395 | D:11     | 14395 ||| Stepping ~*~*~tactically~*~*~ (hiding).
 14396 | D:11     | 14396 ||| INVOKING Berserk.
 14796 | D:11     | Noticed a skeletal warrior
 14796 | D:11     | Noticed a skeletal warrior
 14799 | D:11     | 14799 ||| INVOKING Berserk.
 14802 | D:11     | Killed a skeletal warrior
 14803 | D:11     | Reached skill level 10 in Fighting
 14810 | D:11     | Killed a skeletal warrior
 14811 | D:11     | Reached XP level 12. HP: 116/116 MP: 11/11
 14951 | D:11     | 14951 ||| PLANNING LAIR
 14951 | D:11     | 14951 ||| DROPPING +0 ring mail of the Unbroken {rF+ rC+}.
 14952 | D:11     | 14952 ||| UPGRADING to +0 plate armour.
 14962 | D:11     | 14962 ||| DROPPING +0 chain mail of positive energy.
 14963 | D:11     | 14963 ||| UPGRADING to +0 pair of boots.
 14968 | D:11     | 14968 ||| UPGRADING to +2 plate armour of willpower.
 14978 | D:11     | 14978 ||| DROPPING +0 plate armour.
 14979 | D:11     | 14979 ||| READING scroll labelled AMINIEH LEETHRU.
 15197 | Lair:1   | Entered Level 1 of the Lair of Beasts
 15251 | Lair:1   | Noticed a seven-headed hydra
 15252 | Lair:1   | 15252 ||| Stepping ~*~*~tactically~*~*~ (stealth).
 15254 | Lair:1   | 15254 ||| INVOKING Brothers in Arms.
 15255 | Lair:1   | 15255 ||| SWAPPING to +8 hand axe of Rubbish {flame, rElec
                  | rC- Int+5}.
 15256 | Lair:1   | 15256 ||| INVOKING Berserk.
 15260 | Lair:1   | Killed a three-headed hydra
 15261 | Lair:1   | Reached skill level 9 in Armour
 15420 | Lair:1   | 15420 ||| SWAPPING to +1 vampiric war axe.
 15441 | Lair:1   | 15441 ||| READING scroll of enchant armour.
 15441 | Lair:1   | 15441 ||| ENCHANTING +0 pair of boots.
 15455 | Lair:1   | 15455 ||| Stepping ~*~*~tactically~*~*~ (hiding).
 15456 | Lair:1   | 15456 ||| Stepping ~*~*~tactically~*~*~ (hiding).
 15534 | Lair:1   | 15534 ||| INVOKING Berserk.
 16010 | Lair:1   | 16010 ||| READING scroll of enchant armour.
 16010 | Lair:1   | 16010 ||| ENCHANTING +1 pair of boots.
 16292 | Lair:1   | 16292 ||| READING 3 scrolls of identify.
 16292 | Lair:1   | 16292 ||| IDENTIFYING white potion
 16293 | Lair:1   | 16293 ||| READING 2 scrolls of identify.
 16293 | Lair:1   | 16293 ||| IDENTIFYING fizzy puce potion
 16294 | Lair:1   | 16294 ||| DROPPING potion of berserk rage.
 16345 | Lair:2   | Noticed a four-headed hydra
 16346 | Lair:2   | 16346 ||| INVOKING Brothers in Arms.
 16347 | Lair:2   | 16347 ||| INVOKING Brothers in Arms.
 16348 | Lair:2   | 16348 ||| INVOKING Brothers in Arms.
 16349 | Lair:2   | 16349 ||| INVOKING Brothers in Arms.
 16350 | Lair:2   | 16350 ||| INVOKING Brothers in Arms.
 16351 | Lair:2   | 16351 ||| INVOKING Brothers in Arms.
 16352 | Lair:2   | 16352 ||| SWAPPING to +8 hand axe of Rubbish {flame, rElec
                  | rC- Int+5}.
 16353 | Lair:2   | 16353 ||| INVOKING Berserk.
 16355 | Lair:2   | Killed a two-headed hydra
 16364 | Lair:2   | 16364 ||| SWAPPING to +1 vampiric war axe.
 16514 | Lair:2   | Reached skill level 11 in Fighting
 16626 | Lair:2   | Reached skill level 12 in Shields
 16645 | Lair:2   | 16645 ||| Stepping ~*~*~tactically~*~*~ (stealth).
 16929 | Lair:2   | 16929 ||| READING 3 scrolls of identify.
 16929 | Lair:2   | 16929 ||| IDENTIFYING bubbling orange potion
 16966 | Lair:3   | 16966 ||| Stepping ~*~*~tactically~*~*~ (stealth).
 16969 | Lair:3   | 16969 ||| INVOKING Berserk.
 17213 | Lair:3   | Found a staircase to the Shoals.
 17247 | Lair:3   | 17247 ||| Stepping ~*~*~tactically~*~*~ (hiding).
 17248 | Lair:3   | 17248 ||| Stepping ~*~*~tactically~*~*~ (hiding).
 17314 | Lair:3   | Reached skill level 12 in Fighting
 17396 | Lair:3   | 17396 ||| READING scroll of enchant armour.
 17396 | Lair:3   | 17396 ||| ENCHANTING +2 plate armour of willpower.
 17418 | Lair:3   | 17418 ||| Stepping ~*~*~tactically~*~*~ (stealth).
 17435 | Lair:3   | 17435 ||| INVOKING Berserk.
 17475 | Lair:3   | 17475 ||| Stepping ~*~*~tactically~*~*~ (stealth).
 17577 | Lair:3   | 17577 ||| INVOKING Berserk.
 17592 | Lair:3   | 17592 ||| Stepping ~*~*~tactically~*~*~ (stealth).
 17598 | Lair:3   | 17598 ||| Stepping ~*~*~tactically~*~*~ (stealth).
 17635 | Lair:3   | 17635 ||| Stepping ~*~*~tactically~*~*~ (stealth).
 17758 | Lair:3   | 17758 ||| Stepping ~*~*~tactically~*~*~ (hiding).
 17759 | Lair:3   | 17759 ||| Stepping ~*~*~tactically~*~*~ (stealth).
 17848 | Lair:3   | Found a hole to the Spider Nest.
 18140 | Lair:3   | 18140 ||| READING scroll labelled AFYPEACWAU.
 18141 | Lair:3   | 18141 ||| READING 2 scrolls of identify.
 18141 | Lair:3   | 18141 ||| IDENTIFYING ruby potion
 18142 | Lair:3   | 18142 ||| DROPPING potion of magic.
 18196 | Lair:4   | Identified the +1 ring mail "Nuzele Lutu" {rN+ Str+2}
 18198 | Lair:4   | Noticed a minotaur
 18210 | Lair:4   | Found a runed translucent gate.
 18210 | Lair:4   | Found a runed translucent gate.
 18210 | Lair:4   | Found a runed translucent gate.
 18219 | Lair:4   | Noticed a catoblepas
 18222 | Lair:4   | 18222 ||| INVOKING Berserk.
 18227 | Lair:4   | Killed a catoblepas
 18228 | Lair:4   | Reached XP level 13. HP: 129/129 MP: 12/12
 18487 | Lair:4   | Found a runed translucent door.
 18487 | Lair:4   | Found a viscous altar of Jiyva.
 18488 | Lair:4   | Found a staircase to the Slime Pits.
 18768 | Lair:4   | Noticed qw's ghost (journeyman GrBe)
 19053 | Lair:4   | 19053 ||| READING 2 scrolls labelled SEATEOR MOSEUTO.
 19054 | Lair:4   | 19054 ||| DROPPING scroll of blinking.
 19108 | Lair:5   | Entered Level 5 of the Lair of Beasts
 19115 | Lair:5   | 19115 ||| Stepping ~*~*~tactically~*~*~ (hiding).
 19117 | Lair:5   | 19117 ||| Stepping ~*~*~tactically~*~*~ (hiding).
 19185 | Lair:5   | 19185 ||| INVOKING Berserk.
 19314 | Lair:5   | 19314 ||| Stepping ~*~*~tactically~*~*~ (stealth).
 19318 | Lair:5   | 19318 ||| Stepping ~*~*~tactically~*~*~ (stealth).
 19326 | Lair:5   | 19326 ||| INVOKING Berserk.
 19343 | Lair:5   | Reached skill level 12 in Armour
 19444 | Lair:5   | 19444 ||| Stepping ~*~*~tactically~*~*~ (stealth).
 19515 | Lair:5   | 19515 ||| INVOKING Berserk.
 19519 | Lair:5   | Reached skill level 13 in Fighting
 19535 | Lair:5   | 19535 ||| Stepping ~*~*~tactically~*~*~ (stealth).
 19643 | Lair:5   | 19643 ||| INVOKING Berserk.
 19711 | Lair:5   | Noticed a fire dragon
 19712 | Lair:5   | 19712 ||| Stepping ~*~*~tactically~*~*~ (hiding).
 19715 | Lair:5   | 19715 ||| INVOKING Berserk.
 19735 | Lair:5   | Killed a fire dragon
 19784 | Lair:5   | Identified the +0 robe of Kunuwk {Dex+7}
 19796 | Lair:5   | 19796 ||| Stepping ~*~*~tactically~*~*~ (stealth).
 19798 | Lair:5   | 19798 ||| Stepping ~*~*~tactically~*~*~ (stealth).
 19807 | Lair:5   | 19807 ||| INVOKING Berserk.
 19865 | Lair:5   | 19865 ||| Stepping ~*~*~tactically~*~*~ (stealth).
 19873 | Lair:5   | 19873 ||| Stepping ~*~*~tactically~*~*~ (stealth).
 19874 | Lair:5   | 19874 ||| Stepping ~*~*~tactically~*~*~ (stealth).
 20110 | Lair:5   | Reached skill level 6 in Throwing
 20190 | Lair:5   | 20190 ||| INVOKING Berserk.
 20571 | Lair:5   | 20571 ||| INVOKING Berserk.
 20733 | Lair:5   | 20733 ||| INVOKING Berserk.
 20887 | Lair:5   | 20887 ||| PLANNING D
 20887 | Lair:5   | 20887 ||| READING scroll labelled TOXEBL HARIOSMUSU.
 20888 | Lair:5   | 20888 ||| READING 3 scrolls of identify.
 20888 | Lair:5   | 20888 ||| IDENTIFYING fuming yellow potion
 20889 | Lair:5   | 20889 ||| DROPPING potion of ambrosia.
 21103 | D:12     | 21103 ||| Stepping ~*~*~tactically~*~*~ (stealth).
 21121 | D:12     | 21121 ||| INVOKING Brothers in Arms.
 21122 | D:12     | 21122 ||| INVOKING Brothers in Arms.
 21126 | D:12     | 21126 ||| SWAPPING to +8 hand axe of Rubbish {flame, rElec
                  | rC- Int+5}.
 21127 | D:12     | 21127 ||| INVOKING Berserk.
 21134 | D:12     | 21134 ||| SWAPPING to +1 vampiric war axe.
 21491 | D:12     | 21491 ||| INVOKING Berserk.
 21723 | D:12     | Found Cudolonu's Distillery.
 21732 | D:12     | 21732 ||| BUYING 2 potions of heal wounds (110 gold).
 21732 | D:12     | Bought 2 potions of heal wounds for 110 gold pieces
 21732 | D:12     | 21732 ||| BUYING 2 potions of might (88 gold).
 21732 | D:12     | Bought 2 potions of might for 88 gold pieces
 21732 | D:12     | 21732 ||| BUYING potion of heal wounds (55 gold).
 21732 | D:12     | Bought a potion of heal wounds for 55 gold pieces
 21732 | D:12     | 21732 ||| BUYING potion of heal wounds (55 gold).
 21732 | D:12     | Bought a potion of heal wounds for 55 gold pieces
 21732 | D:12     | 21732 ||| BUYING potion of mutation (88 gold).
 21732 | D:12     | Bought a potion of mutation for 88 gold pieces
 21960 | D:12     | 21960 ||| DROPPING +4 chain mail.
 22026 | D:13     | 22026 ||| PLANNING GAUNTLET
 22026 | D:13     | 22026 ||| STAIRDANCE
 22041 | D:13     | 22041 ||| STAIRDANCE
 22070 | D:13     | Found a gate leading to a gauntlet.
 22078 | Gauntlet | Entered a Gauntlet
 22078 | Gauntlet | Found a runed translucent gate.
 22078 | Gauntlet | Found a transporter.
 22078 | Gauntlet | Found a transporter.
 22078 | Gauntlet | Found a transporter.
 22079 | Gauntlet | Found a transporter.
 22080 | Gauntlet | Found a transporter.
 22081 | Gauntlet | Found a runed translucent gate.
 22081 | Gauntlet | Found a large runed translucent door.
 22082 | Gauntlet | Found a large runed translucent door.
 22082 | Gauntlet | Found a runed translucent gate.
 22083 | Gauntlet | Found a large runed translucent door.
 22083 | Gauntlet | Found a large runed translucent door.
 22083 | Gauntlet | Found a transporter.
 22083 | Gauntlet | Found a runed translucent door.
 22084 | Gauntlet | Found a large runed translucent door.
 22085 | Gauntlet | Found a large runed translucent door.
 22086 | Gauntlet | Found a large runed translucent door.
 22086 | Gauntlet | Found a large runed translucent door.
 22087 | Gauntlet | Found a runed translucent gate.
 22087 | Gauntlet | Found a runed translucent gate.
 22089 | Gauntlet | Found a transporter.
 22091 | Gauntlet | Found a transporter.
 22092 | Gauntlet | Found a transporter.
 22094 | Gauntlet | Found a transporter.
 22103 | Gauntlet | Found a transporter.
 22103 | Gauntlet | Noticed a reaper
 22105 | Gauntlet | Found a transporter.
 22133 | Gauntlet | Found a runed translucent gate.
 22134 | Gauntlet | Found a large runed translucent door.
 22134 | Gauntlet | Found a large runed translucent door.
 22135 | Gauntlet | Found a large runed translucent door.
 22136 | Gauntlet | Found a large runed translucent door.
 22137 | Gauntlet | Found a large runed translucent door.
 22137 | Gauntlet | Found a large runed translucent door.
 22137 | Gauntlet | Found a runed translucent door.
 22138 | Gauntlet | Found a large runed translucent door.
 22139 | Gauntlet | Found a large runed translucent door.
 22307 | Gauntlet | 22307 ||| INVOKING Trog's Hand.
 22332 | Gauntlet | 22332 ||| INVOKING Berserk.
 22333 | Gauntlet | Killed a reaper
 22339 | Gauntlet | Reached skill level 14 in Fighting
 22611 | Gauntlet | Identified the +0 ring mail of Videty {rC+ Dex+3}
 22612 | Gauntlet | 22612 ||| DROPPING +6 ring of intelligence.
 22635 | Gauntlet | Noticed a minotaur
 22636 | Gauntlet | 22636 ||| Stepping ~*~*~tactically~*~*~ (stealth).
 22637 | Gauntlet | 22637 ||| Stepping ~*~*~tactically~*~*~ (stealth).
 22639 | Gauntlet | 22639 ||| INVOKING Berserk.
 22647 | Gauntlet | Killed a minotaur
 22747 | Gauntlet | 22747 ||| DROPPING amulet of faith.
 22758 | D:13     | 22758 ||| PLANNING D
 22772 | D:13     | Reached XP level 14. HP: 145/145 MP: 13/13
 22797 | D:13     | 22797 ||| Stepping ~*~*~tactically~*~*~ (stealth).
 22820 | D:13     | Noticed Josephine
 22829 | D:13     | Killed Josephine
 22840 | D:13     | 22840 ||| FLEEEEING.
 22841 | D:13     | 22841 ||| FLEEEEING.
 22842 | D:13     | 22842 ||| STAIRDANCE
 22937 | D:13     | 22937 ||| READING scroll of enchant armour.
 22937 | D:13     | 22937 ||| ENCHANTING +3 plate armour of willpower.
 22962 | D:13     | 22962 ||| INVOKING Berserk.
 23354 | D:13     | 23354 ||| READING 6 scrolls of identify.
 23354 | D:13     | 23354 ||| IDENTIFYING glowing silvery potion
 23355 | D:13     | 23355 ||| DROPPING potion of invisibility.
 23422 | D:14     | 23422 ||| INVOKING Trog's Hand.
 23436 | D:14     | Reached skill level 15 in Fighting
 23600 | D:14     | 23600 ||| Stepping ~*~*~tactically~*~*~ (hiding).
 23602 | D:14     | 23602 ||| Stepping ~*~*~tactically~*~*~ (hiding).
 23609 | D:14     | 23609 ||| Stepping ~*~*~tactically~*~*~ (hiding).
 23630 | D:14     | 23630 ||| Stepping ~*~*~tactically~*~*~ (hiding).
 23636 | D:14     | 23636 ||| FLEEEEING.
 23637 | D:14     | 23637 ||| FLEEEEING.
 23640 | D:14     | 23640 ||| FLEEEEING.
 23641 | D:14     | 23641 ||| FLEEEEING.
 23642 | D:14     | 23642 ||| FLEEEEING.
 23643 | D:14     | 23643 ||| FLEEEEING.
 23644 | D:14     | 23644 ||| FLEEEEING.
 23646 | D:14     | 23646 ||| INVOKING Berserk.
 24092 | D:14     | 24092 ||| Stepping ~*~*~tactically~*~*~ (stealth).
 24094 | D:14     | 24094 ||| Stepping ~*~*~tactically~*~*~ (stealth).
 24106 | D:14     | 24106 ||| INVOKING Berserk.
 24247 | D:14     | 24247 ||| READING 2 scrolls of enchant weapon.
 24247 | D:14     | 24247 ||| ENCHANTING +1 vampiric war axe.
 24248 | D:14     | 24248 ||| READING scroll of enchant weapon.
 24248 | D:14     | 24248 ||| ENCHANTING +2 vampiric war axe.
 24349 | D:14     | 24349 ||| INVOKING Berserk.
 24650 | D:14     | Found a transporter.
 24651 | D:14     | Noticed qw's ghost (journeyman MiBe)
 24680 | D:14     | Found a transporter.
 24798 | D:14     | Found a gate to the Vaults.
 24924 | D:15     | Entered Level 15 of the Dungeon
 24948 | D:15     | 24948 ||| INVOKING Berserk.
 25120 | D:15     | 25120 ||| INVOKING Berserk.
 25128 | D:15     | Reached skill level 6 in Dodging
 25365 | D:15     | 25365 ||| Stepping ~*~*~tactically~*~*~ (stealth).
 25367 | D:15     | 25367 ||| Stepping ~*~*~tactically~*~*~ (hiding).
 25530 | D:15     | 25530 ||| INVOKING Berserk.
 25689 | D:15     | 25689 ||| Stepping ~*~*~tactically~*~*~ (hiding).
 25825 | D:15     | Reached skill level 15 in Shields
 25967 | D:15     | 25967 ||| INVOKING Berserk.
 25983 | D:15     | Found a staircase to the Depths.
 26274 | D:15     | Found Oruz's Antique Armour Emporium.
 26330 | D:15     | Reached skill level 16 in Fighting
 26568 | D:15     | 26568 ||| PLANNING ORC
 26656 | Orc:1    | Entered Level 1 of the Orcish Mines
 26691 | Orc:1    | 26691 ||| Stepping ~*~*~tactically~*~*~ (stealth).
 26699 | Orc:1    | 26699 ||| Stepping ~*~*~tactically~*~*~ (stealth).
 26969 | Orc:1    | 26969 ||| Stepping ~*~*~tactically~*~*~ (stealth).
 26970 | Orc:1    | 26970 ||| Stepping ~*~*~tactically~*~*~ (stealth).
 26973 | Orc:1    | 26973 ||| Stepping ~*~*~tactically~*~*~ (hiding).
 27050 | Orc:1    | 27050 ||| Stepping ~*~*~tactically~*~*~ (hiding).
 27051 | Orc:1    | 27051 ||| Stepping ~*~*~tactically~*~*~ (hiding).
 27055 | Orc:1    | Reached ***** piety under Trog
 27056 | Orc:1    | 27056 ||| Stepping ~*~*~tactically~*~*~ (hiding).
 27062 | Orc:1    | 27062 ||| Stepping ~*~*~tactically~*~*~ (hiding).
 27263 | Orc:1    | 27263 ||| Stepping ~*~*~tactically~*~*~ (stealth).
 27307 | Orc:1    | 27307 ||| Stepping ~*~*~tactically~*~*~ (stealth).
 27313 | Orc:1    | 27313 ||| Stepping ~*~*~tactically~*~*~ (hiding).
 27517 | Orc:2    | Entered Level 2 of the Orcish Mines
 27519 | Orc:2    | Noticed an orc warlord
 27520 | Orc:2    | 27520 ||| INVOKING Brothers in Arms.
 27527 | Orc:2    | 27527 ||| INVOKING Berserk.
 27546 | Orc:2    | Killed an orc warlord
 27547 | Orc:2    | 27547 ||| INVOKING Trog's Hand.
 27548 | Orc:2    | 27548 ||| INVOKING Brothers in Arms.
 27614 | Orc:2    | 27614 ||| DROPPING +8 hand axe of Rubbish {flame, rElec rC-
                  | Int+5}.
 27710 | Orc:2    | 27710 ||| INVOKING Trog's Hand.
 27716 | Orc:2    | 27716 ||| INVOKING Berserk.
 27718 | Orc:2    | Reached skill level 15 in Armour
 27718 | Orc:2    | Reached XP level 15. HP: 158/158 MP: 14/14
 27730 | Orc:2    | Found Dipsif's Book Emporium.
 27730 | Orc:2    | Found Nisicunt's Assorted Antiques.
 27742 | Orc:2    | Reached skill level 17 in Fighting
 27743 | Orc:2    | 27743 ||| INVOKING Brothers in Arms.
 27744 | Orc:2    | 27744 ||| INVOKING Brothers in Arms.
 27745 | Orc:2    | 27745 ||| INVOKING Trog's Hand.
 27746 | Orc:2    | 27746 ||| INVOKING Brothers in Arms.
 27759 | Orc:2    | Received a gift from Trog
 27776 | Orc:2    | Found Hiashie's Book Boutique.
 27776 | Orc:2    | Found Coimuuca's General Store.
 27788 | Orc:2    | 27788 ||| BUYING potion of heal wounds (70 gold).
 27788 | Orc:2    | Bought a potion of heal wounds for 70 gold pieces
 27788 | Orc:2    | 27788 ||| BUYING scroll of teleportation (42 gold).
 27788 | Orc:2    | Bought a scroll of teleportation for 42 gold pieces
 27983 | Orc:2    | Found Gucej's Magic Scroll Shoppe.
 27991 | Orc:2    | 27991 ||| BUYING scroll of enchant weapon (97 gold).
 27991 | Orc:2    | Bought a scroll of enchant weapon for 97 gold pieces
 27991 | Orc:2    | 27991 ||| BUYING scroll of enchant weapon (97 gold).
 27991 | Orc:2    | Bought a scroll of enchant weapon for 97 gold pieces
 27991 | Orc:2    | 27991 ||| BUYING scroll of enchant weapon (97 gold).
 27991 | Orc:2    | Bought a scroll of enchant weapon for 97 gold pieces
 27991 | Orc:2    | 27991 ||| BUYING scroll of teleportation (39 gold).
 27991 | Orc:2    | Bought a scroll of teleportation for 39 gold pieces
 27991 | Orc:2    | 27991 ||| READING 3 scrolls of enchant weapon.
 27991 | Orc:2    | 27991 ||| ENCHANTING +3 vampiric war axe.
 27992 | Orc:2    | 27992 ||| READING 2 scrolls of enchant weapon.
 27992 | Orc:2    | 27992 ||| ENCHANTING +4 vampiric war axe.
 27993 | Orc:2    | 27993 ||| READING scroll of enchant weapon.
 27993 | Orc:2    | 27993 ||| ENCHANTING +5 vampiric war axe.
 27999 | Orc:2    | Found a staircase to the Elven Halls.
 28151 | Orc:2    | 28151 ||| PLANNING SPIDER:1-3
 28331 | Spider:1 | Entered Level 1 of the Spider Nest
 28332 | Spider:1 | 28332 ||| INVOKING Brothers in Arms.
 28336 | Spider:1 | 28336 ||| INVOKING Berserk.
 28351 | Spider:1 | 28351 ||| INVOKING Brothers in Arms.
 28355 | Spider:1 | HP: 34/161 [something (14)]
 28356 | Spider:1 | 28356 ||| READING 16 scrolls of teleportation.
 28356 | Spider:1 | HP: 11/161 [something (7)]
 28357 | Spider:1 | 28357 ||| DRINKING 11 potions of heal wounds.
 28358 | Spider:1 | 28358 ||| DRINKING 10 potions of heal wounds.
 28387 | Spider:1 | 28387 ||| Stepping ~*~*~tactically~*~*~ (stealth).
 28389 | Spider:1 | 28389 ||| INVOKING Brothers in Arms.
 28390 | Spider:1 | 28390 ||| INVOKING Brothers in Arms.
 28397 | Spider:1 | 28397 ||| INVOKING Brothers in Arms.
 28398 | Spider:1 | 28398 ||| INVOKING Brothers in Arms.
 28400 | Spider:1 | 28400 ||| INVOKING Brothers in Arms.
 28401 | Spider:1 | 28401 ||| INVOKING Brothers in Arms.
 28401 | Spider:1 | HP: 37/161 [culicivora[a jorogumo] (7)]
 28402 | Spider:1 | 28402 ||| READING 15 scrolls of teleportation.
 28403 | Spider:1 | 28403 ||| DRINKING 9 potions of heal wounds.
 28404 | Spider:1 | 28404 ||| INVOKING Berserk.
 28411 | Spider:1 | Paralysed by a jorogumo for 2 turns
 28414 | Spider:1 | Noticed an emperor scorpion
 28437 | Spider:1 | 28437 ||| INVOKING Brothers in Arms.
 28438 | Spider:1 | 28438 ||| INVOKING Brothers in Arms.
 28439 | Spider:1 | 28439 ||| INVOKING Brothers in Arms.
 28440 | Spider:1 | HP: 38/161 [wolf spider (16)]
 28441 | Spider:1 | 28441 ||| READING 14 scrolls of teleportation.
 28442 | Spider:1 | 28442 ||| DRINKING 8 potions of heal wounds.
 28443 | Spider:1 | 28443 ||| INVOKING Brothers in Arms.
 28444 | Spider:1 | 28444 ||| INVOKING Brothers in Arms.
 28459 | Spider:1 | HP: 40/161 [entropy weaver (2)]
 28460 | Spider:1 | 28460 ||| READING 13 scrolls of teleportation.
 28461 | Spider:1 | 28461 ||| DRINKING 7 potions of heal wounds.
 28461 | Spider:1 | HP: 14/161 [something (8)]
 28462 | Spider:1 | 28462 ||| DRINKING 6 potions of heal wounds.
 28463 | Spider:1 | 28463 ||| DRINKING 5 potions of heal wounds.
 28466 | Spider:1 | 28466 ||| READING 12 scrolls of teleportation.
 28467 | Spider:1 | 28467 ||| DRINKING 4 potions of heal wounds.
 28468 | Spider:1 | HP: 30/161 [disintegration (30)]
 28469 | Spider:1 | 28469 ||| DRINKING 3 potions of heal wounds.
 28469 | Spider:1 | HP: 12/161 [something (11)]
 28470 | Spider:1 | 28470 ||| DRINKING 2 potions of heal wounds.
 28471 | Spider:1 | 28471 ||| READING 11 scrolls of teleportation.
 28472 | Spider:1 | 28472 ||| DRINKING potion of heal wounds.
 28476 | Spider:1 | 28476 ||| READING 10 scrolls of teleportation.
 28479 | Spider:1 | 28479 ||| READING 9 scrolls of teleportation.
 28482 | Spider:1 | 28482 ||| DRINKING 10 potions of curing.
 28482 | Spider:1 | 28482 ||| (to cure confusion)
 28483 | Spider:1 | 28483 ||| READING 8 scrolls of teleportation.
 28484 | Spider:1 | 28484 ||| INVOKING Berserk.
 28486 | Spider:1 | HP: 53/241 [electric eel/bolt of electricity (9)]
 28491 | Spider:1 | HP: 56/241 [steelbarb worm (7)]
 28495 | Spider:1 | HP: 21/241 [steelbarb worm (10)]
 28496 | Spider:1 | Slain by a culicivora simulacrum

Levels and vault maps discovered:
D:1:      onia_arrival_mini_spirals, layout_loops_cross,
          hellmonk_ecumenical_altar_zigzags
D:2:      layout_loops_corners, serial_shops, shop, minmay_gold_behind_fungi
D:3:      layout_rooms, tso_metal_star, serial_undead, serial_undead_b,
          serial_undead_b, serial_undead_f, serial_undead_e, serial_undead_f,
          serial_undead_e, minmay_misc_feat_encased, st_stairs_11, uniq_grinder
D:4:      layout_loops_ring, uniq_robin
D:5:      layout_basic, mainiacjoe_overflow_catwalk_spiral,
          minmay_temple_entry_ruins, gammafunk_ghost_necromancy, enter_ossuary_5
D:6:      layout_cave_pods, nicolae_gozag_zags_fifth_avenue, uniq_eustachio,
          uniq_edmund
D:7:      minmay_spotlight, layout_layer_cave, mainiacjoe_overflow_brackets,
          nicolae_ru_awakened_eye, led_sif_book, uniq_pikel, uniq_prince_ribbit1
D:8:      layout_gridville, nemelex_xobeh_ov_fountains_minmay,
          mainiacjoe_overflow_boulevard, gammafunk_ghost_cemetery
D:9:      layout_cave_pools, slow_altar_2, lemuel_zombie_altar_kikubaaqudgha,
          marbit_many_paths, makhleb_altar_promises_db,
          ebering_ghost_reflecting_pool
D:10:     layout_rooms, mainiacjoe_overflow_tiny_flanked, orc_0_dummy,
          gammafunk_ghost_nasty_kobolds
D:11:     layout_irregular_city, grunt_lair_entry_orc_guard_hut, uniq_erica
D:12:     layout_cave_pods, serial_shops, nicolae_lakefront_shop
D:13:     layout_rooms, gauntlet_entry_generic, uniq_josephine
D:14:     layout_layer_cave, david_vaults_1, gammafunk_ghost_mausoleum,
          minivault_27
D:15:     hangedman_depths_entry_try_elsewhere_first, layout_small_grid,
          serial_shops, nicolae_shop_trees, serial_rivers,
          chequers_serial_rivers_small_3, chequers_serial_rivers_micro_e,
          chequers_serial_rivers_micro_a, chequers_serial_rivers_room_a,
          chequers_serial_rivers_marsh, chequers_serial_rivers_large_a
Lair:1:   layout_loops_ring, infiniplex_staircase_pool
Lair:2:   layout_cave_shapes, grunt_megastairs_4
Lair:3:   wad_woods_pond, layout_chaotic_city,
          minmay_shoals_entry_lonely_mermaid, spider_nest_entry_funnel_web
Lair:4:   layout_gridlike, slime_entry_2, maelrawn_ghost_gauntlet_escape,
          serial_bayou_shore_b
Lair:5:   guppyfry_lair_end_dragon, layout_concentric_octagons,
          serial_bayou_ford_a
Spider:1: layout_spider_delve, nicolae_spider_not_touching_you
Orc:1:    minmay_goldmine, layout_caves
Orc:2:    st_orc_ogre_mass, layout_caves, serial_shops, nicolae_shop_waterfront

Skill      XL: |  1  2  3  4  5  6  7  8  9 10 11 12 13 14 15 |
---------------+----------------------------------------------+-----
Axes           | 4 5 6 8 9 10 12 14 16 | 16.0
Throwing       | 1 2 3 6 7 8 |  8.0
Fighting       | 4 5 7 8 10 12 14 16 17 | 17.0
Armour         | 3 4 5 6 7 11 13 15 | 15.9
Shields        | 9 11 13 15 | 15.4
Dodging        | 3 4 5 6 7 |  7.0

Action                   |  1- 3 |  4- 6 |  7- 9 | 10-12 | 13-15 || total
-------------------------+-------+-------+-------+-------+-------++-------
Melee: Hand axe          |    75 |    17 |       |     6 |     1 ||    99
       Headbutt          |     8 |     6 |    58 |   102 |   180 ||   354
       Punch             |     1 |     1 |     1 |       |       ||     3
       War axe           |       |    42 |   329 |   480 |   762 ||  1613
       Kick              |       |       |    31 |    81 |       ||   112
Throw: Javelin           |    10 |    25 |    45 |     2 |    95 ||   177
       Boomerang         |       |       |       |   121 |    12 ||   133
Invok: Berserk           |       |     4 |    15 |    23 |    26 ||    68
       Trog's Hand       |       |     2 |       |       |     5 ||     7
       Brothers in Arms  |       |       |       |     2 |    10 ||    12
  Use: Scroll            |     3 |       |    12 |    15 |    19 ||    49
       Potion            |       |       |     5 |       |    12 ||    17
 Stab: Distracted        |       |       |       |     1 |       ||     1
Armor: Animal skin       |     8 |       |       |       |       ||     8
       Chain mail        |     6 |    33 |   106 |    95 |       ||   240
       Plate armour      |       |       |       |    90 |   434 ||   524
Dodge: Dodged            |    41 |    32 |   139 |   185 |   373 ||   770
Block: Kite shield       |       |       |       |   162 |   434 ||   596

Table legend:
 A = Non-vault XP
 B = Vault XP
 C = Vault XP percentage of total XP
 D = Non-vault monster count
 E = Vault monster count
 F = Vault count percentage of total count
                 A         B        C        D         E       F
            +---------+---------+-------+---------+---------+-------
      Total |   90425 |   42640 |  32.0 |     483 |     185 |  27.7
            +---------+---------+-------+---------+---------+-------
        D:1 |      28 |       0 |   0.0 |      18 |       0 |   0.0
        D:2 |      73 |       0 |   0.0 |      15 |       0 |   0.0
        D:3 |     264 |     385 |  59.3 |      20 |      23 |  53.5
        D:4 |     519 |       2 |   0.4 |      25 |       1 |   3.8
        D:5 |     944 |       0 |   0.0 |      25 |       0 |   0.0
        D:6 |     558 |     369 |  39.8 |      30 |       2 |   6.2
        D:7 |    1383 |    1084 |  43.9 |      36 |       3 |   7.7
        D:8 |     822 |       0 |   0.0 |      13 |       0 |   0.0
        D:9 |    2822 |     249 |   8.1 |      21 |       6 |  22.2
       D:10 |    3778 |       0 |   0.0 |      22 |       0 |   0.0
       D:11 |    7575 |    1484 |  16.4 |      20 |       6 |  23.1
       D:12 |    5955 |       0 |   0.0 |      20 |       0 |   0.0
       D:13 |    4224 |    1783 |  29.7 |      11 |       5 |  31.2
       D:14 |    5771 |    1626 |  22.0 |      10 |       3 |  23.1
       D:15 |   15765 |    2643 |  14.4 |      29 |       4 |  12.1
     Lair:1 |    2663 |       0 |   0.0 |      10 |       0 |   0.0
     Lair:2 |    3088 |    3179 |  50.7 |      12 |      11 |  47.8
     Lair:3 |    4439 |    1597 |  26.5 |      20 |       6 |  23.1
     Lair:4 |    2862 |       0 |   0.0 |      10 |       0 |   0.0
     Lair:5 |   10014 |    3205 |  24.2 |      27 |      12 |  30.8
   Spider:1 |    9957 |     445 |   4.3 |      29 |       1 |   3.3
      Orc:1 |    1082 |     163 |  13.1 |      23 |      11 |  32.4
      Orc:2 |    5839 |   19561 |  77.0 |      37 |      45 |  54.9
    Ossuary |       0 |     475 | 100.0 |       0 |      37 | 100.0
   Gauntlet |       0 |    4390 | 100.0 |       0 |       9 | 100.0
            +---------+---------+-------+---------+---------+-------
